 Dungeon Crawl Stone Soup version 0.21.0 (webtiles) character file.

5240 tv1990 the Cleaver (level 10, -5/79 HPs)
             Began as a Formicid Fighter on Jan 5, 2018.
             Was a Priest of Okawaru.
             Killed from afar by Nergalle (37 damage)
             ... with a bolt of negative energy
             ... on level 1 of the Lair of Beasts.
             The game lasted 00:22:30 (6717 turns).

tv1990 the Cleaver (Formicid Fighter)               Turns: 6717, Time: 00:22:30

Health: -5/79      AC: 16    Str: 16    XL:     10   Next: 92%
Magic:  13/14      EV: 12    Int:  8    God:    Okawaru [***...]
Gold:   66         SH: 20    Dex: 21    Spells: 9/9 levels left

rFire    + . .     SeeInvis +   a - +1 war axe
rCold    . . .     Gourm    .   l - +1 large shield
rNeg     . . .     Faith    .   B - +0 plate armour
rPois    +         Spirit   .   (helmet unavailable)
rElec    .         Reflect  .   G - +0 cloak
rCorr    .         Harm     .   z - +0 pair of gloves of Perfidy {rPois rF+ Regen+ Str-5}
MR       +....                  (no boots)
Stlth    ..........             (no amulet)
HPRegen  0.63/turn              e - ring of poison resistance
MPRegen  0.14/turn              v - +3 ring of dexterity

@: agile, heroism, drained
A: permanent stasis, dig shafts and tunnels, four strong arms, antennae 3
a: Dig, Shaft Self, Heroism, Renounce Religion


You were on level 1 of the Lair of Beasts.
You worshipped Okawaru.
Okawaru was most pleased with you.
You were hungry.

You visited 3 branches of the dungeon, and saw 10 of its levels.

You collected 509 gold pieces.
You spent 443 gold pieces at shops.

Inventory:

Hand Weapons
 a - a +1 war axe (weapon)
 C - the +8 mace "Ticiol" {flame, +Inv Int+5}
   (You found it on level 4 of the Dungeon)

   It has been specially enchanted to burn those struck by it, causing extra
   injury to most foes and up to half again as much damage against particularly
   susceptible opponents.
   It affects your intelligence (+5).
   It lets you turn invisible.
Armour
 b - a +0 scale mail
 c - a +0 shield
 l - a +1 large shield (worn)
 n - a +0 chain mail
 z - the +0 pair of gloves of Perfidy (worn) {rPois rF+ Regen+ Str-5}
   (You bought it in a shop on level 6 of the Dungeon)

   It affects your strength (-5).
   It protects you from fire.
   It protects you from poison.
   It increases your rate of regeneration.
 B - a +0 plate armour (worn)
 G - a +0 cloak (worn)
Jewellery
 e - a ring of poison resistance (left hand)
 k - an uncursed amulet of magic regeneration
 v - a +3 ring of dexterity (right hand)
 y - an uncursed ring of fire
 F - a -2 ring of protection
Wands
 d - a wand of disintegration (6)
 j - a wand of digging (14)
 A - a wand of iceblast (6)
Scrolls
 g - 3 scrolls of enchant weapon
 h - 6 scrolls of amnesia
 i - 4 scrolls of remove curse
 m - 2 scrolls of teleportation
 q - 2 scrolls of fog
 r - a scroll of identify
 w - a scroll of fear
 x - a scroll of blinking
 D - 2 scrolls of random uselessness
 I - a scroll of summoning
Potions
 p - 2 potions of mutation
 s - a potion of magic
 t - 2 potions of haste
 u - 5 potions of curing
 E - a potion of berserk rage
 M - a potion of ambrosia
Books
 H - a book of Misfortune

   Spells                             Type                      Level
   a - Confusing Touch                Hexes                        1
   b - Confuse                        Hexes                        3
   c - Gell's Gravitas                Translocation                3
   d - Petrify                        Transmutation/Earth          4
   e - Metabolic Englaciation         Hexes/Ice                    5
   f - Yara's Violent Unravelling     Hexes/Transmutation          5
 K - a book of Necromancy

   Spells                             Type                      Level
   a - Pain                           Necromancy                   1
   b - Animate Skeleton               Necromancy                   1
   c - Vampiric Draining              Necromancy                   3
   d - Regeneration                   Charms/Necromancy            3
   e - Animate Dead                   Necromancy                   4
   f - Borgnjor's Vile Clutch         Necromancy/Earth             5
 L - a book of Maledictions

   Spells                             Type                      Level
   a - Corona                         Hexes                        1
   b - Ensorcelled Hibernation        Hexes/Ice                    2
   c - Confuse                        Hexes                        3
   d - Tukima's Dance                 Hexes                        3
   e - Dazzling Spray                 Conjuration/Hexes            3
Comestibles
 f - 22 rations
 J - 3 chunks of flesh


   Skills:
 - Level 7.3(11.4) Fighting
 * Level 11.0(15.1) Axes
 - Level 3.2(7.5) Armour
 + Level 9.9(14.0) Shields
 + Level 5.6(4.9) Invocations


You had 9 spell levels left.
You didn't know any spells.

Dungeon Overview and Level Annotations

Branches:
Dungeon (8/15)             Temple (1/1) D:6            Lair (1/6) D:8

Altars:
Ashenzari
Cheibriados
Dithmenos
Elyvilon
Fedhas
Gozag
Kikubaaqudgha
Makhleb
Nemelex Xobeh
Okawaru
Qazlal
Ru
Sif Muna
Trog
Uskayaw
Vehumet
Wu Jian
Xom
Yredelemnul
Zin
The Shining One

Shops:
D:6 [=%}   D:8 ?

Annotations:
Lair:1 Nergalle


Innate Abilities, Weirdness & Mutations

You cannot be hasted, slowed, berserked, paralysed or teleported.
You can dig through walls and to a lower floor.
Your four strong arms can wield two-handed weapons with a shield.
You have a pair of large antennae on your head. (SInv)


Message History

Nergalle closely misses you.
The spectral orc knight hits you but does no damage.
You block the spectral orc warrior's attack.
You closely miss Nergalle. You hit the spectral orc warrior.
You barely miss the spectral orc knight.
Nergalle hits you but does no damage.
You slash Nergalle! You slash the spectral orc knight!
You hit the spectral orc warrior. You block Nergalle's attack.
The spectral orc warrior closely misses you.
You block the spectral orc knight's attack.
You hit Nergalle but do no damage.
You hit the spectral orc knight but do no damage.
You slash the spectral orc warrior!
You destroy the spectral orc warrior!
You block Nergalle's attack.
You hit Nergalle but do no damage.
You barely miss the spectral orc knight.
Nergalle points at you and mumbles some strange words.
The bolt of negative energy hits you!
You feel drained.
You die...

..§..........P♣
.............P♣
.............PP
..........># { #....##.
##.... ##†....#. ..... .
##{...$##.# .... .. {
#o#†...##.##.......
.......#@Z...##..#.......
....o.###†...##....#.....
...... #P....##..........
..... ##....##..<.#....
#.... #.....##..........
.... ##....##....#.....
.... #................
#..........#.....
#...###...#......


You could see Nergalle and a spectral orc knight.

Vanquished Creatures
  The ghost of vatarom the Protected, a novice GnWn (D:7)
  Pikel (D:6)
  A hippogriff (D:7)
  4 blink frogs (Lair:1)
  Sigmund (D:3)
  A human (D:7)
  4 hogs (D:7)
  A porcupine (Lair:1)
  An ice beast (D:5)
  3 orc warriors (D:6)
  3 sky beasts
  2 ogres
  2 centaurs
  6 bullfrogs
  A water moccasin zombie (D:8)
  2 scorpions
  A crimson imp (D:8)
  5 orc priests
  A centaur skeleton (D:4)
  Crazy Yiuf (D:6)
  2 jellies
  A gnoll shaman (D:7)
  An iguana (D:4)
  Ijyb (D:4)
  8 worker ants
  A killer bee zombie (D:6)
  A hound zombie (D:8)
  Robin (D:2)
  8 gnolls
  5 adders
  2 shadow imps (D:7)
  An ooze (D:5)
  2 adder skeletons
  2 adder zombies
  3 dart slugs
  5 leopard geckos
  18 orcs
  6 giant cockroaches
  13 goblins
  6 hobgoblins
  9 quokkas
  2 ball pythons
  A ball python skeleton (D:4)
  3 bats
  2 frilled lizards (D:1)
  A giant cockroach zombie (D:5)
  2 kobolds
  8 rats
157 creatures vanquished.

Vanquished Creatures (others)
  A slave (D:6)
  2 gnolls (D:6)
  An adder skeleton (D:6)
4 creatures vanquished.

Grand Total: 161 creatures vanquished

Notes
Turn   | Place    | Note
-------+----------+-------------------------------------------
     0 | D:1      | tv1990 the Formicid Fighter began the quest for the Orb.
     0 | D:1      | Reached XP level 1. HP: 18/18 MP: 1/1
   194 | D:1      | Reached XP level 2. HP: 24/24 MP: 2/2
  1068 | D:2      | Reached XP level 3. HP: 29/29 MP: 3/3
  1203 | D:2      | You fall through a shaft for 2 floors!
  1339 | D:2      | Noticed Robin
  1359 | D:2      | Reached skill level 3 in Axes
  1383 | D:2      | Killed Robin
  1383 | D:2      | Reached XP level 4. HP: 24/37 MP: 4/4
  1472 | D:2      | Found a glowing silver altar of Zin.
  1473 | D:2      | Found an opulent altar of Gozag.
  1989 | D:3      | Found a radiant altar of Vehumet.
  2009 | D:3      | Noticed Sigmund
  2015 | D:3      | Killed Sigmund
  2015 | D:3      | Reached skill level 4 in Axes
  2015 | D:3      | Reached skill level 5 in Shields
  2015 | D:3      | Reached XP level 5. HP: 24/43 MP: 5/5
  2015 | D:3      | Reached XP level 6. HP: 27/49 MP: 6/6
  2376 | D:4      | Noticed Ijyb
  2389 | D:4      | Killed Ijyb
  2389 | D:4      | Reached skill level 5 in Axes
  2488 | D:4      | Reached XP level 7. HP: 52/55 MP: 7/7
  2590 | D:4      | Got a steaming mace
  2592 | D:4      | Reached skill level 5 in Fighting
  2593 | D:4      | Identified the +8 mace "Ticiol" {flame, +Inv Int+5} (You found it on level 4 of the Dungeon)
  2835 | D:4      | Found a bloodstained altar of Trog.
  2880 | D:5      | Entered Level 5 of the Dungeon
  3187 | D:5      | Reached skill level 6 in Axes
  3190 | D:5      | Reached XP level 8. HP: 50/63 MP: 8/8
  3849 | D:6      | Found a deep blue altar of Sif Muna.
  3878 | D:6      | Found Lidinn's Gadget Emporium.
  3902 | D:6      | Reached skill level 7 in Axes
  4232 | D:6      | Noticed Pikel
  4267 | D:6      | Killed Pikel
  4267 | D:6      | Reached skill level 8 in Axes
  4267 | D:6      | Reached XP level 9. HP: 48/72 MP: 9/9
  4277 | D:6      | Found Uwem's Food Shop.
  4309 | D:6      | Found a runed door.
  4334 | D:6      | Found Quuvupyo's Jewellery Shoppe.
  4390 | D:6      | Found a shimmering altar of Xom.
  4662 | D:6      | Found a shattered altar of Ashenzari.
  4713 | D:6      | Found Dimafat's Antique Armour Boutique.
  4720 | D:6      | Bought a pair of translucent gloves for 294 gold pieces
  4725 | D:6      | Identified the +0 pair of gloves of Perfidy {rPois rF+ Regen+ Str-5} (You bought it in a shop on level 6 of the Dungeon)
  4854 | D:6      | Found a staircase to the Ecumenical Temple.
  4863 | Temple   | Entered the Ecumenical Temple
  4940 | Temple   | Became a worshipper of Warmaster Okawaru
  5009 | D:6      | Noticed Crazy Yiuf
  5013 | D:6      | Killed Crazy Yiuf
  5086 | D:6      | Reached skill level 1 in Invocations
  5175 | D:6      | Reached skill level 9 in Axes
  5306 | D:7      | Noticed a hippogriff
  5321 | D:7      | Killed a hippogriff
  5352 | D:7      | Noticed vatarom's ghost (novice GnWn)
  5357 | D:7      | You fall through a shaft!
  5716 | D:7      | Reached * piety under Okawaru
  5781 | D:7      | Killed vatarom's ghost
  5781 | D:7      | Reached ** piety under Okawaru
  5781 | D:7      | Reached XP level 10. HP: 79/79 MP: 10/12
  5929 | D:7      | Reached skill level 10 in Axes
  5946 | D:7      | Reached *** piety under Okawaru
  6212 | D:8      | Found Naistysm's Magic Scroll Shop.
  6310 | D:8      | Bought a scroll of identify for 26 gold pieces
  6310 | D:8      | Bought a scroll of summoning for 123 gold pieces
  6372 | D:8      | Found a staircase to the Lair.
  6642 | Lair:1   | Entered Level 1 of the Lair of Beasts
  6666 | Lair:1   | Reached skill level 5 in Invocations
  6675 | Lair:1   | Noticed Nergalle
  6698 | Lair:1   | Reached skill level 11 in Axes
  6717 | Lair:1   | Killed from afar by Nergalle

Skill      XL: |  1  2  3  4  5  6  7  8  9 10 |
---------------+-------------------------------+-----
Shields        | 4 5 6 7 9 |  9.9
Axes           | 3 4 5 6 8 9 11 | 11.0
Fighting       | 4 5 7 |  7.3
Invocations    | 3 5 |  5.6
Armour         | |  3.2

Action                   |  1- 3 |  4- 6 |  7- 9 | 10-12 || total
-------------------------+-------+-------+-------+-------++-------
Melee: War axe           |   102 |    89 |   324 |   134 ||   649
Invok: Heroism           |       |       |       |     3 ||     3
 Abil: Dig               |       |       |     6 |     3 ||     9
       Shaft Self        |       |       |     1 |       ||     1
Evoke: Wand              |       |       |     1 |       ||     1
  Use: Potion            |       |     1 |     5 |     1 ||     7
       Scroll            |       |       |    12 |     7 ||    19
  Eat: Chunk             |     1 |     4 |    12 |     3 ||    20
Armor: Scale mail        |     9 |       |       |       ||     9
       Chain mail        |    38 |    47 |   111 |    17 ||   213
       Skin              |       |       |    14 |       ||    14
       Plate armour      |       |       |       |    31 ||    31
Dodge: Dodged            |    13 |     6 |    27 |    22 ||    68
Block: Shield            |     3 |       |       |       ||     3
       Large shield      |    68 |    66 |   251 |   133 ||   518

Vault maps used:
D:1:      mrwooster_arrival_statue_2, minmay_small_reverse_x
D:2:      grunt_temple_overflow_gold_and_silver, uniq_robin
D:3:      fiery_altar_vehumet, uniq_sigmund
D:4:      bloody_trog, first_ration, kennysheep_generic_room_10, uniq_ijyb
D:6:      overflow_temple_1_default, minmay_temple_entry_poolview, serial_shops,
          nicolae_shop_trees, shop_fountains, shop, kennysheep_mini_moat,
          basic_altar, cheibrodos_ashenzari_chains, uniq_crazy_yiuf_cottage,
          uniq_pikel
D:7:      grunt_livestock, kennysheep_big_empty_room
D:8:      lair_entry_dummy, serial_shops, shop
Temple:   eino_temple_rhombus
Lair:1:   guppyfry_lair_drakes, uniq_nergalle
